 Dungeon Crawl Stone Soup version 0.28-a0-1447-ga5a8893891 (webtiles) character file.

Game seed: 9127272212441358285

2391 Hasart the Ducker (level 9, 0/63 HPs)
             Began as an Octopode Fighter on Jan 10, 2022.
             Was an Initiate of Gozag.
             Killed from afar by a steam dragon (12 damage)
             ... with a ball of steam
             ... on level 7 of the Dungeon.
             The game lasted 00:12:21 (7106 turns).

Hasart the Ducker (Octopode Fighter)                Turns: 7106, Time: 00:12:23

Health: 0/63       AC:  5    Str: 26    XL:     9   Next: 46%
Magic:  9/9        EV: 14    Int: 11    God:    Gozag
Gold:   366        SH:  6    Dex: 11    Spells: 8/8 levels left

rFire   . . .      SeeInvis .   v - +7 war axe of Expedience {pain, rPois Will+ Str+7}
rCold   . . .      Faith    .   b - +1 buckler
rNeg    . . .      Spirit   .   (helmet restricted)
rPois   +          Reflect  .   (no amulet)
rElec   .          Harm     .   d - +4 ring of protection
rCorr   +          Rampage  .   k - ring of poison resistance
Will    ++...                   q - ring of willpower
Stlth   ++........              p - ring of resist corrosion
HPRegen 0.20/turn               (no ring)
MPRegen 0.11/turn               (no ring)
                                (no ring)
                                (no ring)

@: gold aura
A: almost no armour, amphibious, 8 rings, camouflage 1, gelatinous body 1,
(nimble swimmer 1), tentacles
a: Renounce Religion, Potion Petition, Call Merchant, Bribe Branch


You were on level 7 of the Dungeon.
You worshipped Gozag.
Gozag was aware of your devotion.
You visited 2 branches of the dungeon, and saw 8 of its levels.
You also visited: Ossuary.

You collected 1485 gold pieces.
You spent 478 gold pieces at shops.
You paid 641 gold pieces to Gozag.

Inventory:

Hand Weapons
 a - a +1 trident
 v - the +7 war axe of Expedience (weapon) {pain, rPois Will+ Str+7}
   (You bought it in a shop on level 5 of the Dungeon)

   In the hands of one skilled in necromantic magic, it inflicts extra damage on
   living creatures.
   Str:       It affects your strength (+7).
   rPois:     It protects you from poison.
   Will:      It increases your willpower.
 w - the +1 spear "Jojol" {antimagic, rElec rC- Str+4 Int+4}
   (You bought it in a shop on level 5 of the Dungeon)

   It reduces the magical energy of the wielder, and disrupts the spells and
   magical abilities of those it strikes.
   Natural abilities and divine invocations are not affected.
   Str:       It affects your strength (+4).
   Int:       It affects your intelligence (+4).
   rC:        It makes you vulnerable to cold.
   rElec:     It insulates you from electricity.
Armour
 b - a +1 buckler (worn)
Jewellery
 d - a +4 ring of protection (left tentacle)
 k - a ring of poison resistance (right tentacle)
 p - a ring of resist corrosion (on tentacle)
 q - a ring of willpower (on tentacle)
Scrolls
 c - 2 scrolls of blinking
 e - 4 scrolls of fear
 f - 2 scrolls of vulnerability
 g - 2 scrolls of identify
 h - a scroll of enchant weapon
 i - a scroll of enchant armour
 n - 5 scrolls of noise
 s - 2 scrolls of teleportation
Potions
 j - 3 potions of heal wounds
 l - 4 potions of curing
 m - 3 potions of brilliance
 o - 2 potions of flight {unknown}
 r - 2 potions of resistance
 t - 3 potions of haste {unknown}
 u - a potion of attraction


   Skills:
 + Level 6.3 Fighting
 * Level 5.0(6.4) Axes
 - Level 6.1(7.0) Polearms
 + Level 6.3 Dodging
 + Level 6.2 Shields


You had 8 spell levels left.
You didn't know any spells.
Your spell library contained the following spells:

 Spells                   Type           Power      Damage    Failure   Level
 Blink                    Tloc           0%         N/A       56%         2
 Corpse Rot               Necr/Air       0%         N/A       56%         2
 Ensorcelled Hibernation  Hex/Ice        0%         N/A       56%         2
 Passwall                 Tmut/Erth      0%         N/A       56%         2
 Poisonous Vapours        Pois/Air       0%         N/A       56%         2
 Swiftness                Air            0%         N/A       80%         3
 Manifold Assault         Tloc           0%         N/A       100%        5
 Storm Form               Tmut/Air       0%         N/A       100%        7


Dungeon Overview and Level Annotations

Branches:
Dungeon (7/15)             Temple (1/1) D:6         Ossuary (visited)

Altars:
Ashenzari
Dithmenos
Elyvilon
Fedhas
Gozag
Hepliaklqana
Kikubaaqudgha
Makhleb
Nemelex Xobeh
Okawaru
Qazlal
Ru
Sif Muna
Trog
Uskayaw
Vehumet
Wu Jian
Xom
Yredelemnul
Zin
The Shining One

Shops:
D:5 [((   D:6 =(


Innate Abilities, Weirdness & Mutations

You cannot wear most types of armour.
You are amphibious.
You can wear up to eight rings at the same time.
Your skin changes colour to match your surroundings (Stealth+).
Your rubbery body absorbs attacks. (AC +1, EV +1)
((You are camouflaged when in or above water. (Stealth+)))
You have tentacles for arms and can constrict up to eight enemies at once.


Message History

You now have 366 gold pieces (gained 4).
You see here a +0 mace.
A necrophage comes into view.
A necrophage is nearby!
A steam dragon comes into view.
The steam dragon hisses angrily.
You hear a shout!
Found a book of Blood.
You block the necrophage's attack.
An ogre comes into view. It is wielding a +0 giant spiked club.
You slice the necrophage!! Your grab misses the necrophage.
The necrophage is severely damaged.
The necrophage hits you!
You slash the necrophage!
You destroy the necrophage!
The steam dragon breathes steam at you. The ball of steam hits you!
Your base Axes skill increases to level 5!
You are engulfed in a cloud of scalding steam.
The steam dragon closely misses you. The steam dragon claws you.
You see here 9 gold pieces.
You slash the steam dragon!
You squeeze the steam dragon, but do no damage.
The steam dragon is moderately wounded.
You are engulfed in a cloud of scalding steam.
The steam dragon misses you.
The steam dragon claws you but does no damage.
You slash the steam dragon!
The steam dragon is almost dead.
You are engulfed in a cloud of scalding steam.
The steam dragon bites you!
* * * LOW HITPOINT WARNING * * *
You block the steam dragon's attack.
You closely miss the steam dragon.
The steam dragon is almost dead.
The steam dragon bites you.
* * * LOW HITPOINT WARNING * * *
The steam dragon claws you but does no damage.
The steam dragon breathes steam at you. The ball of steam hits you!
You die...
Your body crumbles into a pile of gold.

#######################
.:...OD@§.§...........#
############...........
.......#....####
########.#### ###..#
##...## #..### #.##
##.#


You could see a steam dragon (catching breath) and an ogre.

Vanquished Creatures
  Prince Ribbit (D:6)
  Sigmund (D:2)
  A water moccasin (D:5)
  A sky beast (D:7)
  2 ice beasts
  An ogre (D:5)
  A necrophage (D:7)
  2 centaurs
  A bullfrog (D:7)
  A scorpion (D:4)
  A water moccasin skeleton (D:5)
  An electric eel (D:6)
  2 centaur zombies
  An orc priest (D:4)
  4 hounds
  2 human zombies (Ossuary)
  A bullfrog skeleton (D:6)
  A centaur skeleton (D:6)
  Jessica (D:2)
  An iguana (D:6)
  4 orc wizards
  A killer bee zombie (D:4)
  4 mummies (Ossuary)
  Robin (D:2)
  A howler monkey zombie (D:5)
  10 adders
  2 ufetubi
  2 worms (D:2)
  A dart slug (D:1)
  21 orcs
  3 ball pythons
  3 endoplasms
  4 giant cockroaches
  A gnoll zombie (Ossuary)
  18 goblins
  7 hobgoblins
  7 jackals
  6 kobolds
  7 quokkas
  4 bats (D:3)
  7 frilled lizards
  2 goblin zombies
  A hobgoblin zombie (Ossuary)
  2 orc zombies (Ossuary)
  3 rats
  A rat zombie (D:5)
150 creatures vanquished.

Vanquished Creatures (others)
  9 plants (D:6)
9 creatures vanquished.

Grand Total: 159 creatures vanquished

Notes
Turn   | Place    | Note
-------+----------+-------------------------------------------
     0 | D:1      | Hasart the Octopode Fighter began the quest for the Orb.
     0 | D:1      | Reached XP level 1. HP: 16/16 MP: 1/1
   124 | D:1      | Reached XP level 2. HP: 21/21 MP: 2/2
   499 | D:1      | Reached XP level 3. HP: 26/26 MP: 3/3
   643 | D:2      | Found a faded altar of an unknown god.
   716 | D:2      | Noticed Sigmund
   730 | D:2      | Killed Sigmund
   731 | D:2      | Reached XP level 4. HP: 20/33 MP: 4/4
   731 | D:2      | Reached XP level 5. HP: 22/37 MP: 5/5
  1273 | D:2      | Found a burning altar of Makhleb.
  1293 | D:2      | Noticed Robin
  1304 | D:2      | Reached XP level 6. HP: 41/43 MP: 6/6
  1321 | D:2      | Killed Robin
  1419 | D:2      | Noticed Jessica
  1425 | D:2      | Killed Jessica
  1786 | D:3      | Found an ancient bone altar of Kikubaaqudgha.
  2676 | D:4      | Reached XP level 7. HP: 47/48 MP: 7/7
  2853 | D:4      | Reached skill level 5 in Polearms
  3037 | D:4      | Found a stormy altar of Qazlal.
  3037 | D:4      | Found a shimmering blue altar of Sif Muna.
  3083 | D:4      | Found an opulent altar of Gozag.
  3086 | D:4      | Found a shadowy altar of Dithmenos.
  3088 | D:4      | Found a basalt altar of Yredelemnul.
  3091 | D:4      | Became a worshipper of Gozag Ym Sagoz the Greedy
  3400 | D:5      | Entered Level 5 of the Dungeon
  3423 | D:5      | Found Qufokhla's Antique Armour Emporium.
  3866 | D:5      | Found Vann's Weapon Emporium.
  4076 | D:5      | Found a sand-covered staircase.
  4083 | Ossuary  | Entered an ossuary
  4108 | Ossuary  | Reached XP level 8. HP: 54/54 MP: 8/8
  4166 | Ossuary  | Reached skill level 5 in Fighting
  4208 | Ossuary  | Reached skill level 5 in Dodging
  4220 | Ossuary  | Reached skill level 5 in Shields
  4492 | D:5      | Found Sivukua's Antique Weapon Shoppe.
  4650 | D:5      | Bought a glimmering war axe for 246 gold pieces
  4650 | D:5      | Identified the +7 war axe of Expedience {pain, rPois Will+
                  | Str+7} (You bought it in a shop on level 5 of the Dungeon)
  4650 | D:5      | Bought a pitted spear for 232 gold pieces
  4650 | D:5      | Identified the +1 spear "Jojol" {antimagic, rElec rC- Str+4
                  | Int+4} (You bought it in a shop on level 5 of the Dungeon)
  4747 | D:5      | Reached skill level 1 in Axes
  5194 | D:6      | Found a staircase to the Ecumenical Temple.
  5219 | Temple   | Entered the Ecumenical Temple
  5234 | Temple   | Identified a scroll of acquirement
  5234 | Temple   | Acquired 669 gold pieces
  5343 | D:6      | Reached XP level 9. HP: 6/62 MP: 9/9
  5737 | D:6      | Found a sacrificial altar of Ru.
  5939 | D:6      | Noticed Prince Ribbit
  5968 | D:6      | Killed Prince Ribbit
  6419 | D:6      | Found Niyd's Weapon Shop.
  7103 | D:7      | Reached skill level 5 in Axes
  7106 | D:7      | Killed from afar by a steam dragon

Illustrated notes

Levels and vault maps discovered:
D:1:      dpeg_arrival_pond, layout_basic
D:2:      layout_basic, hellmonk_ecumenical_altar_prayer_group, basic_altar,
          uniq_robin, uniq_sigmund, uniq_jessica
D:3:      layout_basic, mainiacjoe_overflow_tiny_flanked
D:4:      layout_loops_cross, chequers_temple_overflow_minitemple,
          chequers_serial_rivers_room_b
D:5:      nicolae_cairo_tiling_large, layout_loops_cross, serial_shops,
          nicolae_diamond_shop, nicolae_shop_crystal,
          nicolae_inconvenience_store, enter_ossuary_4
D:6:      layout_basic, old_standard_altar, minmay_temple_entry_stoned_glass,
          serial_bayou, serial_bayou_shore_a, serial_bayou_pond_e,
          serial_bayou_ford_a, serial_bayou_pond_e, serial_bayou_crossing,
          serial_bayou_pond_e, serial_shops, nicolae_shop_bloodbath_and_beyond,
          uniq_prince_ribbit1
D:7:      layout_rooms, chei_slow_surprise
Temple:   nicolae_temple_great_sept

Skill      XL: |  1  2  3  4  5  6  7  8  9 |
---------------+----------------------------+-----
Polearms       | 3 4 5 6 |  6.1
Shields        | 4 5 6 |  6.2
Dodging        | 4 5 6 |  6.3
Fighting       | 4 5 6 |  6.3
Axes           | 3 5 |  5.0

Action                   |  1- 3 |  4- 6 |  7- 9 || total
-------------------------+-------+-------+-------++-------
Melee: Trident           |    50 |   110 |   153 ||   313
       Constrict         |    10 |    22 |    37 ||    69
       Tentacles         |     4 |    13 |    46 ||    63
       Punch             |       |     4 |     3 ||     7
       War axe           |       |       |    56 ||    56
Invok: Call Merchant     |       |       |     1 ||     1
  Use: Potion            |     2 |     1 |     1 ||     4
       Scroll            |       |       |    13 ||    13
 Stab: Sleeping          |    12 |     6 |     5 ||    23
       Distracted        |       |       |     1 ||     1
Armor: Skin              |     7 |    16 |    38 ||    61
Dodge: Dodged            |    12 |    30 |    91 ||   133
Block: Buckler           |     3 |    17 |    51 ||    71

Table legend: (Time is in decaauts)
 A = Elapsed time spent in this place.
 B = Non-inter-level travel time spent in this place.
 C = Inter-level travel time spent in this place.
 D = Time resting spent in this place.
 E = Time spent auto-exploring this place.
 F = Levels seen in this place.
 G = Mean time per level.
                   A        B        C        D        E       F      G
               +--------+--------+--------+--------+--------+-----+--------+
         Total |   7156 |   6835 |    321 |   1273 |   4016 |   9 |  795.1 |
       Dungeon |   6759 |   6451 |    308 |   1270 |   3821 |   7 |  965.6 |
        Temple |     90 |     77 |     13 |      3 |     51 |   1 |   90.0 |
       Ossuary |    305 |    305 |      0 |      0 |    144 |   1 |  305.0 |
               +--------+--------+--------+--------+--------+-----+--------+

Top non-repeatable levels by time:
     D:6: 1539 daAuts
     D:5: 1465 daAuts
     D:2: 941 daAuts
     D:3: 930 daAuts
     D:4: 925 daAuts
     D:1: 633 daAuts
     D:7: 323 daAuts
 Ossuary: 305 daAuts
  Temple: 90 daAuts
